 Dungeon Crawl Stone Soup version 0.29.1-1-gd02db6906a (webtiles) character file.

Game seed: 14183240337816447721

4 DemonSlayer the Firebug (level 1, -3/13 HPs)
             Began as a Demonspawn Fire Elementalist on Sept 17, 2022.
             Frozen to death by an endoplasm (5 damage)
             ... on level 1 of the Dungeon.
             The game lasted 00:01:02 (81 turns).

DemonSlayer the Firebug (DsFE)                        Turns: 81, Time: 00:01:03

Health: -3/13      AC:  2    Str:  8    XL:     1   Next: 50%
Magic:  1/3        EV: 12    Int: 16    God:
Gold:   0          SH:  0    Dex: 13    Spells: 3/4 levels left

rFire   . . .      SeeInvis .   (no weapon)
rCold   . . .      Faith    .   (no shield)
rNeg    . . .      Spirit   .   a - +0 robe
rPois   .          Reflect  .   (no helmet)
rElec   .          Harm     .   (no cloak)
rCorr   .          Rampage  .   (no gloves)
Will    .....                   (no boots)
Stlth   ++........              (no amulet)
HPRegen 0.04/turn               (no ring)
MPRegen 0.08/turn               (no ring)

@: no status effects
A: no striking features
a: no special abilities


You were on level 1 of the Dungeon.
You visited 1 branch of the dungeon, and saw 1 of its levels.

Inventory:

Armour
 a - a +0 robe (worn)
Potions
 b - a potion of magic


   Skills:
 + Level 1.9 Dodging
 + Level 1.7 Stealth
 + Level 2.0 Spellcasting
 + Level 1.0 Conjurations
 + Level 2.9 Fire Magic


You had 3 spell levels left.
You knew the following spells:

 Your Spells              Type           Power      Damage    Failure   Level
a - Foxfire               Conj/Fire      28%        2x1d5     10%         1

Your spell library contained the following spells:

 Spells                   Type           Power      Damage    Failure   Level
 Scorch                   Fire           20%        2d6       10%         2
 Conjure Flame            Conj/Fire      7%         6-21      28%         3
 Inner Flame              Hex/Fire       6%         N/A       34%         3
 Flame Wave               Conj/Fire      7%         2d5       67%         4


Dungeon Overview and Level Annotations

Branches:
Dungeon (1/15)

Altars:


Message History

The quokka bites you but does no damage.
The kobold shouts!
The quokka attacks as you move away! The quokka barely misses you.
An endoplasm comes into view.
The quokka closely misses you.
The kobold throws a stone.
The stone hits you but does no damage.
You see here a +4 ring of protection.
The endoplasm quivers.
You hit the quokka but do no damage.
The quokka is lightly wounded.
The quokka barely misses you.
You closely miss the quokka.
The quokka is lightly wounded.
The quokka closely misses you. The quokka misses you.
You hit the quokka but do no damage. The quokka misses you.
You hit the quokka but do no damage. The quokka misses you.
The kobold completely misses you.
You hit the quokka.
The quokka is moderately wounded.
The quokka bites you.
* * * LOW HITPOINT WARNING * * *
The kobold hits you but does no damage.
You hit the quokka but do no damage.
The quokka is moderately wounded.
The quokka closely misses you. The kobold closely misses you.
The endoplasm barely misses you.
You barely miss the quokka.
The quokka is moderately wounded.
The quokka bites you but does no damage.
The kobold hits you but does no damage.
The quokka bites you but does no damage.
The endoplasm hits you.
* * * LOW HITPOINT WARNING * * *
You barely miss the quokka.
The quokka is moderately wounded.
The quokka bites you but does no damage.
The kobold barely misses you. The endoplasm freezes you.
You are frozen.
You die...

.........♣ .# ..
##'####..♣ .#..# .
#....P#..♣# .#..#.
+.....#...♣♣## .#..r.
#...<.#..#...# ##...###.
#....P#...##.###.)......
#.....#..#~#............
#######..######r.r......
.........♣ #.@K......
.........♣ #..J......
♣#.♣.♣~♣♣.# +.........
#♣.♣♣#♣ ... #.........
### ###.##...[.....
##......... #.........
#.........


You could see an endoplasm, a quokka, a kobold and a rat.

Vanquished Creatures
  2 endoplasms (D:1)
  A goblin (D:1)
3 creatures vanquished.

Vanquished Creatures (others)
  8 foxfires (D:1)
8 creatures vanquished.

Grand Total: 11 creatures vanquished

Notes
Turn   | Place    | Note
-------+----------+-------------------------------------------
     0 | D:1      | DemonSlayer the Demonspawn Fire Elementalist began the
                  | quest for the Orb.
     0 | D:1      | Reached XP level 1. HP: 13/13 MP: 3/3
    81 | D:1      | Frozen to death by an endoplasm

Illustrated notes

Levels and vault maps discovered:
D:1:      saegor_arrival_under_anarchy, layout_basic

Action                   || total
-------------------------++-------
Melee: Unarmed           ||    10
 Cast: Foxfire           ||     5
Armor: Robe              ||     8
Dodge: Dodged            ||    18
